AoeStats
← EdgarCarrito

Black Forest

508970542Analyzed
3v3 RM · 7d ago on Sep 24, 2026· 67m 11s· 6 players
Game mode
Random Map
Map size
Normal (6 player)
Population
200
Speed
Normal
Resources
Standard
Victory
Conquest
Starting age
Dark Age
Ending age
Imperial Age
RankedLock teamsTeams togetherTeam positionsShared explorationLock speedFull tech treeHidden civsTurbo modeCheats
Victory
Defeat
🇪🇸 Huns · Spain
719
+11
🇨🇴 Persians · Colombia
638
+14
🇬🇧 Japanese · United Kingdom
555
+18
🇹🇷 Khmer · Türkiye
710
-19
🇹🇷 Franks · Türkiye
573
-13
🇹🇷 Mongols · Türkiye
526
-11
pablo.robledoo
0:27 Loom
14:16 Feudal Age
16:55 Double-Bit Axe
19:57 Castle Age
18:52 Stone Mining
18:53 Gold Mining
24:13 Gold Shaft Mining
24:00 Bow Saw
26:21 Wheelbarrow
28:22 Caravan
29:46 Horse Collar
31:12 Hand Cart
34:14 Imperial Age
32:46 Fletching
32:56 Padded Archer Armor
33:08 Forging
32:58 Scale Mail Armor
33:03 Scale Barding Armor
34:49 Pikeman
35:30 Squires
35:15 Arson
35:59 Parthian Tactics
34:54 Heavy Cavalry Archer
37:12 Two-Man Saw
38:53 Bodkin Arrow
39:13 Leather Archer Armor
39:34 Iron Casting
39:14 Chain Mail Armor
39:19 Chain Barding Armor
39:38 Thumb Ring
40:37 Chemistry
39:58 Ballistics
39:34 Murder Holes
39:07 Elite Tarkan
40:08 Conscription
40:02 Bloodlines
39:53 Husbandry
40:48 Masonry
40:49 Cavalier
41:41 Town Watch
41:44 Paladin
41:47 Light Cavalry
42:36 Marauders
42:42 Bracer
43:42 Blast Furnace
43:06 Hussar
44:21 Elite Skirmisher
44:25 Halberdier
48:45 Plate Barding Armor
MandrakePOE
0:28 Loom
14:27 Feudal Age
17:28 Wheelbarrow
16:38 Town Watch
17:59 Fletching
18:12 Double-Bit Axe
19:50 Horse Collar
26:54 Castle Age
25:35 Forging
25:26 Scale Mail Armor
27:36 Bodkin Arrow
27:48 Gold Mining
27:48 Stone Mining
28:39 Bow Saw
28:53 Heavy Plow
31:52 Arson
32:08 Squires
32:31 Hand Cart
33:58 Iron Casting
33:38 Chain Mail Armor
36:38 Imperial Age
35:40 Yasama
37:54 Conscription
37:39 Bracer
38:14 Ballistics
37:51 Murder Holes
38:42 Gold Shaft Mining
39:29 Two-Man Saw
42:24 Arrowslits
42:30 Guard Tower
42:43 Padded Archer Armor
42:52 Thumb Ring
42:28 Elite Samurai
48:45 Plate Mail Armor
49:15 Blast Furnace
49:53 Caravan
EdgarCarrito
11:35 Feudal Age
17:30 Castle Age
24:35 Fervor
33:49 Imperial Age
32:02 Horse Collar
32:19 Double-Bit Axe
32:49 Heavy Plow
32:46 Gold Mining
33:10 Bow Saw
34:00 Wheelbarrow
34:08 Gold Shaft Mining
34:49 Hand Cart
35:51 Two-Man Saw
35:27 Crop Rotation
35:59 Scale Barding Armor
35:28 Elite War Elephant
37:33 Chain Barding Armor
37:45 Forging
37:43 Kamandaran
38:05 Conscription
38:59 Thumb Ring
38:14 Crossbowman
40:16 Plate Barding Armor
40:16 Iron Casting
40:52 Husbandry
41:02 Bloodlines
42:09 Ballistics
41:45 Murder Holes
42:51 Chemistry
43:59 Blast Furnace
43:00 Padded Archer Armor
42:51 Fletching
48:10 Leather Archer Armor
47:50 Bodkin Arrow
50:07 Ring Archer Armor
guneydadaliiii
11:29 Feudal Age
11:59 Double-Bit Axe
18:26 Castle Age
17:00 Horse Collar
18:17 Stone Mining
19:33 Bow Saw
19:18 Gold Mining
22:05 Heavy Plow
23:04 Stone Shaft Mining
25:58 Wheelbarrow
26:56 Hand Cart
30:55 Imperial Age
29:07 Caravan
30:28 Gold Shaft Mining
31:07 Scale Mail Armor
31:17 Forging
31:12 Pikeman
33:02 Crop Rotation
32:08 Halberdier
34:40 Tusk Swords
34:44 Padded Archer Armor
34:34 Fletching
34:40 Town Watch
34:43 Loom
36:35 Chemistry
35:55 Ballistics
35:41 Siege Engineers
36:04 Heavy Scorpion
36:25 Elite Ballista Elephant
38:33 Leather Archer Armor
38:13 Bodkin Arrow
38:23 Scale Barding Armor
38:34 Chain Mail Armor
38:54 Iron Casting
39:01 Fortified Wall
39:03 Masonry
41:20 Hoardings
41:11 Conscription
40:50 Arson
40:25 Man-at-Arms
43:19 Long Swordsman
48:26 Ring Archer Armor
47:57 Bracer
48:57 Blast Furnace
57:00 Conscription
ÇEKVIDI BAMBIDI
12:08 Feudal Age
12:35 Double-Bit Axe
15:45 Wheelbarrow
16:26 Gold Mining
20:10 Castle Age
21:34 Bow Saw
22:04 Gold Shaft Mining
29:28 Caravan
32:53 Imperial Age
31:14 Ballistics
33:41 Scale Barding Armor
33:47 Forging
33:28 Fletching
33:37 Murder Holes
39:21 Wheelbarrow
38:32 Town Watch
38:34 Loom
39:26 Gambesons
39:43 Squires
39:28 Arson
39:04 Pikeman
40:25 Coinage
41:08 Husbandry
40:30 Cavalier
43:03 Banking
42:30 Paladin
48:46 Chain Barding Armor
49:02 Iron Casting
48:22 Bodkin Arrow
50:41 Plate Barding Armor
51:13 Chemistry
49:58 Arrowslits
50:25 Masonry
50:25 Siege Engineers
51:42 Blast Furnace
54:13 Hoardings
56:56 Chivalry
57:33 Onager
59:39 Town Patrol
59:55 Hand Cart
Milqa
11:50 Feudal Age
12:48 Horse Collar
12:56 Double-Bit Axe
23:28 Castle Age
36:49 Imperial Age
35:17 Bow Saw
35:47 Heavy Plow
35:40 Gold Mining
36:05 Padded Archer Armor
35:56 Fletching
37:05 Husbandry
37:50 Stone Mining
38:36 Gold Shaft Mining
40:00 Wheelbarrow
41:08 Parthian Tactics
41:08 Ballistics
40:47 Bodkin Arrow
42:19 Elite Mangudai
43:05 Murder Holes
43:18 Nomads
44:03 Hoardings
44:12 Elite Steppe Lancer
47:05 Leather Archer Armor
46:50 Bracer
46:56 Scale Barding Armor
47:36 Cavalier
50:34 Chemistry
49:57 Chain Barding Armor
Connection lost

Rejoining the realm…

Still unreachable

The connection could not be restored.

Session expired

The server has moved on; the page needs a fresh start.